 Dungeon Crawl Stone Soup version 0.27.1-34-g3ba077fa99 (webtiles) character file.

Game seed: 16861978231824984204

1279298 4FPSwarrior the Slayer (level 27, 110/205 (211) HPs)
             Began as an Octopode Earth Elementalist on Jan 21, 2022.
             Was the Champion of Fedhas.
             Escaped with the Orb
             ... and 3 runes on Jan 26, 2022!
             The game lasted 11:20:52 (174724 turns).

4FPSwarrior the Slayer (OpEE)                     Turns: 174724, Time: 11:20:53

HP:   110/205 (211) AC: 10    Str: 12    XL:     27
MP:   34/34         EV: 25    Int: 33    God:    Fedhas [******]
Gold: 4639          SH: 14    Dex: 20    Spells: 1/58 levels left

rFire    + + .     SeeInvis +   R - +4 scimitar of the Known World {venom, rPois Int+4 Stlth+}
rCold    + . .     Faith    .   r - +3 buckler {AC+3}
rNeg     . . .     Spirit   .   H - +2 hat {Will+}
rPois    +         Reflect  +   N - amulet "Esigesy" {Reflect Int+5 Dex+4 SH+5}
rElec    +         Harm     .   e - ring of protection from fire
rCorr    +         Rampage  .   j - ring "Qesaz" {Will+ rCorr Str-3 Int+5 Stlth+}
Will     ++++.                  Z - ring of see invisible
Stlth    +++.......             J - +4 ring of protection
HPRegen  2.44/turn              M - ring of the Princess {rElec rF+ rC+ rCorr MP-9}
MPRegen  0.24/turn              A - +4 ring of slaying
                                Y - +4 ring of protection
                                V - ring of wizardry

@: silenced (expiring), corroded, lightly drained
A: almost no armour, amphibious, 8 rings, camouflage 1, gelatinous body 1,
(nimble swimmer 1), tentacles, regeneration 2, screaming 1, subdued magic 1
0: Orb of Zot
}: 3/15 runes: decaying, silver, gossamer
a: Renounce Religion


You escaped.
You worshipped Fedhas.
Fedhas was exalted by your worship.
You visited 11 branches of the dungeon, and saw 53 of its levels.
You visited the Abyss 3 times.
You visited 1 ziggurat, and saw 8 of its levels.
You also visited: Trove, Ossuary and Ice Cave.

You collected 9855 gold pieces.
You spent 5216 gold pieces at shops.

Inventory:

Hand Weapons
 k - the +7 double sword of the Wraith {drain, rElec rN+++ Str+5 Int-2}
   (You found it on level 1 of a ziggurat)

   A truly terrible weapon, it drains the life of any living foe it strikes.
   Str:       It affects your strength (+5).
   Int:       It affects your intelligence (-2).
   rElec:     It insulates you from electricity.
   rN:        It renders you almost immune to negative energy.
 v - the +10 demon blade of Etwualaha {freeze, rC+ Str-5 Int+2}
   (You acquired it on level 3 of the Realm of Zot)

   It freezes those it strikes, dealing additional cold damage.
   It can also slow down cold-blooded creatures.
   Str:       It affects your strength (-5).
   Int:       It affects your intelligence (+2).
   rC:        It protects you from cold.
 G - the +9 sword of Zonguldrok {reap}
   (You found it in a treasure trove)

   Any living foe damaged by it may be reanimated upon death as a zombie
   friendly to the wielder, with an increasing chance as more damage is dealt.
 R - the +4 scimitar of the Known World (weapon) {venom, rPois Int+4 Stlth+}
   (You took it off a vault warden on level 5 of the Vaults)

   It poisons the flesh of those it strikes.
   Int:       It affects your intelligence (+4).
   rPois:     It protects you from poison.
   Stlth:     It makes you more stealthy.
 W - a +3 scimitar of flaming
Missiles
 a - 60 stones
 o - 2 throwing nets (quivered)
Armour
 b - the +0 buckler "Wiliprun" {Will+}
   (You found it in a treasure trove)

   Will:      It increases your willpower.
 r - a +3 buckler of protection (worn)
 H - a +2 hat of willpower (worn)
Jewellery
 c - the amulet of Eraing {rC+ Will+ Regen+}
   (You took it off a deep elf archer on level 13 of the Dungeon)

   [amulet of regeneration]

   rC:        It protects you from cold.
   Regen:     It increases your rate of health regeneration.
   Will:      It increases your willpower.
 e - a ring of protection from fire (left tentacle)
 g - the amulet of Dokofu {Spirit *Slow rElec Int+4 Slay+4}
   (You found it on level 9 of the Dungeon)

   [amulet of guardian spirit]

   It causes incoming damage to be divided between your reserves of health and
   magic.
   Int:       It affects your intelligence (+4).
   Slay:      It affects your accuracy & damage with ranged weapons and melee
   (+4).
   rElec:     It insulates you from electricity.
   *Slow:     It may slow you when you take damage.
 j - the ring "Qesaz" (right tentacle) {Will+ rCorr Str-3 Int+5 Stlth+}
   (You bought it in a shop on level 1 of the Depths)

   [ring of willpower]

   Str:       It affects your strength (-3).
   Int:       It affects your intelligence (+5).
   rCorr:     It protects you from acid and corrosion.
   Will:      It increases your willpower.
   Stlth:     It makes you more stealthy.
 q - the ring of Shadows {Umbra +Inv Stlth+}
   (You took it off a frost giant on level 3 of the Depths)

   [ring of stealth]

   It surrounds you with an aura of shadow, increasing your stealth and reducing
   the accuracy of all within it (including the wearer).
   +Inv:      It lets you turn invisible.
   Stlth:     It makes you more stealthy.
 y - a ring of protection from cold
 A - a +4 ring of slaying (on tentacle)
 J - a +4 ring of protection (on tentacle)
 M - the ring of the Princess (on tentacle) {rElec rF+ rC+ rCorr MP-9}
   (You found it on level 1 of the Elven Halls)

   [ring of resist corrosion]

   rF:        It protects you from fire.
   rC:        It protects you from cold.
   rElec:     It insulates you from electricity.
   MP:        It affects your magic capacity (-9).
   rCorr:     It protects you from acid and corrosion.
 N - the amulet "Esigesy" (around mantle) {Reflect Int+5 Dex+4 SH+5}
   (You bought it in a shop on level 2 of the Orcish Mines)

   [amulet of reflection]

   It reflects blocked missile attacks.
   Int:       It affects your intelligence (+5).
   Dex:       It affects your dexterity (+4).
   SH:        It affects your SH (+5).
 S - a ring of poison resistance
 T - a ring of protection from fire
 V - a ring of wizardry (on tentacle)
 Y - a +4 ring of protection (on tentacle)
 Z - a ring of see invisible (on tentacle)
Wands
 n - a wand of flame (132)
 w - a wand of digging (27)
 I - a wand of acid (11)
 P - a wand of iceblast (73)
Scrolls
 d - 2 scrolls of teleportation
 h - 2 scrolls of brand weapon
 i - 2 scrolls of silence
 t - 4 scrolls of immolation
 B - 3 scrolls of fog
 C - 6 scrolls of enchant armour
 E - a scroll of summoning
 Q - a scroll of holy word
 U - 5 scrolls of magic mapping
 X - 5 scrolls of fear
Potions
 f - a potion of resistance
 m - 11 potions of curing
 s - 11 potions of flight
 u - 12 potions of ambrosia
 x - 7 potions of brilliance
 z - 4 potions of might
 F - 2 potions of magic
 K - 5 potions of invisibility
 O - 2 potions of mutation
Miscellaneous
 l - a phantom mirror
 D - a condenser vane


   Skills:
 * Level 23.2 Fighting
 - Level 16.0 Long Blades
 + Level 15.8 Dodging
 + Level 18.5 Stealth
 - Level 4.0 Shields
 + Level 12.7 Unarmed Combat
 + Level 16.2 Spellcasting
 - Level 14.3 Conjurations
 - Level 6.0 Hexes
 - Level 6.0 Summonings
 - Level 13.0 Necromancy
 - Level 3.0 Translocations
 - Level 10.0 Transmutations
 + Level 15.6 Air Magic
 + Level 19.9 Earth Magic
 - Level 4.0 Poison Magic
 - Level 13.8 Invocations
 - Level 5.0 Evocations


You had one spell level left.
You knew the following spells:

 Your Spells              Type           Power      Damage    Failure   Level
a - Lightning Bolt        Conj/Air       38%        1d57      1%          5
b - Dispel Undead         Necr           72%        3d24      1%          4
c - Orb of Destruction    Conj           38%        9d13      1%          7
d - Borgnjor's Vile Clut  Necr/Erth      40%        N/A       0%          5
e - Wereblood             Tmut           63%        N/A       0%          2
f - Petrify               Tmut/Erth      77%        N/A       0%          4
g - Lee's Rapid Deconstr  Erth           44%        3d22*     0%          5
h - Statue Form           Tmut/Erth      51%        N/A       1%          6
i - Summon Mana Viper     Hex/Summ       50%        N/A       1%          5
j - Passwall              Tmut/Erth      64%        N/A       0%          2
k - Blink                 Tloc           N/A        N/A       1%          2
l - Storm Form            Tmut/Air       35%        N/A       2%          7
m - Stone Arrow           Conj/Erth      100%       3d13      0%          3

Your spell library contained the following spells:

 Spells                   Type           Power      Damage    Failure   Level
 Animate Skeleton         Necr           100%       N/A       0%          1
 Beastly Appendage        Tmut           100%       N/A       0%          1
 Magic Dart               Conj           100%       1d8       0%          1
 Pain                     Necr           100%       1d9       0%          1
 Sandblast                Erth           100%       2d20      0%          1
 Foxfire                  Conj/Fire      100%       2x1d9     1%          1
 Freeze                   Ice            80%        1d9       1%          1
 Summon Small Mammal      Summ           100%       N/A       1%          1
 Corpse Rot               Necr/Air       N/A        N/A       0%          2
 Poisonous Vapours        Pois/Air       100%       N/A       0%          2
 Searing Ray              Conj           100%       3d7       0%          2
 Static Discharge         Conj/Air       77%        N/A       0%          2
 Sublimation of Blood     Necr           36%        N/A       0%          2
 Mephitic Cloud           Conj/Pois/Air  67%        N/A       0%          3
 Swiftness                Air            79%        N/A       0%          3
 Vampiric Draining        Necr           36%        2d11      0%          3
 Call Imp                 Summ           50%        N/A       1%          2
 Ensorcelled Hibernation  Hex/Ice        70%        N/A       1%          2
 Slow                     Hex            50%        N/A       1%          2
 Call Canine Familiar     Summ           50%        N/A       1%          3
 Confusing Touch          Hex            50%        N/A       1%          3
 Dazzling Flash           Conj/Hex       100%       N/A       1%          3
 Frozen Ramparts          Ice            40%        1d6       1%          3
 Gell's Gravitas          Tloc           17%        N/A       1%          3
 Ignite Poison            Fire/Tmut/Pois 44%        N/A       1%          3
 Inner Flame              Hex/Fire       35%        N/A       1%          3
 Lesser Beckoning         Tloc           17%        N/A       1%          3
 Portal Projectile        Hex/Tloc       86%        N/A       1%          3
 Spider Form              Tmut/Pois      27%        N/A       1%          3
 Summon Guardian Golem    Hex/Summ       50%        N/A       1%          3
 Teleport Other           Tloc           35%        N/A       1%          3
 Animate Dead             Necr           36%        N/A       1%          4
 Fulminant Prism          Conj/Hex       32%        3d16      1%          4
 Iskenderun's Mystic Bla  Conj/Tloc      59%        2d12      1%          4
 Olgreb's Toxic Radiance  Pois           40%        N/A       1%          4
 Summon Ice Beast         Ice/Summ       35%        N/A       1%          4
 Summon Lightning Spire   Summ/Air       66%        N/A       1%          4
 Agony                    Necr           72%        N/A       1%          5
 Alistair's Intoxication  Tmut/Pois      36%        N/A       1%          5
 Blade Hands              Tmut           31%        N/A       1%          5
 Excruciating Wounds      Necr           36%        N/A       1%          5
 Fireball                 Conj/Fire      27%        3d12      1%          5
 Freezing Cloud           Conj/Ice/Air   31%        6-21      1%          5
 Irradiate                Conj/Tmut      35%        3d25      1%          5
 Silence                  Hex/Air        33%        N/A       1%          5
 Yara's Violent Unravell  Hex/Tmut       28%        3d12      1%          5
 Conjure Ball Lightning   Conj/Air       38%        3x3d12    1%          6
 Death Channel            Necr           36%        N/A       1%          6
 Iron Shot                Conj/Erth      41%        9d8       1%          6
 Manifold Assault         Tloc           35%        N/A       4%          5
 Metabolic Englaciation   Hex/Ice        17%        N/A       4%          5
 Eringya's Noxious Bog    Tmut/Pois      27%        N/A       4%          6
 Starburst                Conj/Fire      27%        6d9       4%          6
 Simulacrum               Ice/Necr       26%        N/A       5%          6
 Maxwell's Capacitive Co  Air            39%        ∞         5%          8
 Invisibility             Hex            25%        N/A       7%          6
 Shadow Creatures         Summ           N/A        N/A       7%          6
 Dragon Form              Tmut           31%        N/A       8%          7
 Monstrous Menagerie      Summ           25%        N/A       36%         7
 Discord                  Hex            25%        N/A       95%         8
 Ozocubu's Refrigeration  Ice            10%        4d7       99%         7
 Disjunction              Tloc           17%        N/A       100%        8
 Ignition                 Fire           10%        3d5       100%        8
 Animate Armour           Summ/Erth      Unusable   N/A       N/A         4

Dungeon Overview and Level Annotations

Branches:
Dungeon (15/15)            Temple (1/1) D:7            Lair (6/6) D:9
  Swamp (4/4) Lair:2       Spider (4/4) Lair:4        Slime (0/5) Lair:5
    Orc (2/2) D:10            Elf (3/3) Orc:2        Vaults (5/5) D:13
  Crypt (3/3) Vaults:3       Tomb (0/3) Crypt:3      Depths (5/5) D:15
    Zot (5/5) Depths:5    Ossuary (visited)           IceCv (visited)

Altars:
Ashenzari
Cheibriados
Dithmenos
Elyvilon
Fedhas
Gozag
Hepliaklqana
Kikubaaqudgha
Makhleb
Nemelex Xobeh
Okawaru
Qazlal
Ru
Sif Muna
Trog
Uskayaw
Vehumet
Wu Jian
Xom
Yredelemnul
Zin
The Shining One
Beogh
Lugonu

Shops:
D:7 ?!([   D:9 (   D:13 :   Orc:2 (=(=   Elf:1 (:   Elf:2 [[:(*   Elf:3 [
Vaults:4 (   Vaults:5 *   Depths:1 =(   Depths:2 :   Depths:4 *

Portals:
Hell: Depths:1* Depths:2 Depths:3 Depths:4 Depths:5
Abyss: Lair:6 Depths:2 Depths:4
Pandemonium: Depths:3 Depths:4

Annotations:
Lair:5 exclusions: 2 doors and 2 wraiths, Josephine
Swamp:3 Mara
Orc:2 exclusion: upstairs
Elf:2 3 runed translucent doors
Elf:3 exclusions: upstairs and 1 more exclusion
Vaults:3 3 runed translucent doors, exclusion: 3 doors, AgonHex's ghost, veteran HOFi
Crypt:2 exclusion: 3 downstairs
Zot:5 4 exclusions


Innate Abilities, Weirdness & Mutations

You cannot wear most types of armour.
You are amphibious.
You can wear up to eight rings at the same time.
Your skin changes colour to match your surroundings (Stealth+).
Your rubbery body absorbs attacks. (AC +1, EV +1)
((You are camouflaged near water. (Stealth+)))
You have tentacles for arms and can constrict up to eight enemies at once.
You heal very quickly.
You occasionally shout uncontrollably at your foes.
Your spells are a little easier to cast, but a little less powerful.


Message History

You slash the hellwing!
You tentacle-slap the hellwing, but do no damage.
You squeeze the hellwing, but do no damage.
The hellwing is heavily wounded.
You slash the hellwing!
The hellwing is almost dead.
The ancient lich touches you but does no damage.
The hellwing misses you. You block the hellwing's attack.
You block the shadow imp's attack.
You hit the hellwing but do no damage.
You squeeze the hellwing, but do no damage.
The hellwing is almost dead.
The ancient lich touches you!
You feel drained. The hellwing completely misses you.
You riposte.
You hit the hellwing but do no damage.
The hellwing looks as sick as possible!
You squeeze the hellwing.
The hellwing is almost dead.
The hellwing completely misses you.
You slash the hellwing!
You kill the hellwing!
Fedhas accepts your kill. The shadow imp completely misses you.
Some rock shatters into small pieces.
An orange demon comes into view.
A cacodemon comes into view.
The ancient lich mumbles some strange words.
The ancient lich seems to speed up.
Ciec blinks!
The cacodemon moves out of view.
The ancient lich gestures at you while chanting.
The bolt of acid hits you! You resist. The acid corrodes you!
You are splashed with acid.
You resist.
The ancient lich gestures at you while chanting.
The crystal spear hits you!!!!
There is an open door, spattered with blood here.
A sixfirhy comes into view.
The sixfirhy moves out of view.
The ancient lich casts a spell at you. The bolt of acid misses you.
Some rock shatters into small pieces.
There is a staircase leading out of the dungeon here.
You have escaped!

...).............#>##.##.#......#
................................#
.#...............#..#.##.#......#
..######...#######..#.##.#......#
..## #.....# ###..........###
...# #.#...#############.........
..####.#.4.##.....##.............
..#........##.....######.........
..#.##.#.2.##.##@.# ####...###
###.##.##.###..L..# #...###
#.##.....##3....# #......
#.#####.###'##### #######
###.#####..45&######
.............3.#...#
.......##1.....#...#
.....#.##.x..&.#.8.#
.#........#....'...#


You could see Ciec, an ancient lich (fast), an Executioner (wandering), an
orange demon, a sixfirhy, a small abomination (wandering) and a shadow imp.

Vanquished Creatures
  4 dread liches
  An orb of fire (Zot:5)
  2 ancient liches (Zot:5)
  A juggernaut (Depths:3)
  A pandemonium lord (Zig:6)
  Sojobo (Vaults:5)
  9 Killer Klowns
  6 caustic shrikes
  2 curse toes (Zot:1)
  12 golden dragons
  Nikola (Spider:4)
  2 bone dragons
  2 pearl dragons (Zig:5)
  A profane servitor (Crypt:3)
  the Enchantress (Depths:5)
  Jorgrun (D:13)
  11 tentacled monstrosities
  2 electric golems
  A lich (Crypt:3)
  24 Orb Guardians
  A Hell Sentinel (Abyss:1)
  4 titans (Vaults:5)
  A quicksilver dragon (Zot:4)
  Asterion (Vaults:1)
  2 deep elf master archers (Elf:3)
  5 ancient champions
  4 deep elf blademasters (Elf:3)
  4 tentacled starspawn (Abyss:1)
  15 death cobs
  3 draconian monks
  10 shadow dragons
  A storm dragon (shapeshifter) (Abyss:1)
  3 sphinxes (Vaults:4)
  14 storm dragons
  12 tengu reavers
  2 revenants
  3 nagarajas
  2 draconian knights
  9 frost giants
  2 iron dragons (Vaults:5)
  5 draconian scorchers
  5 deep elf sorcerers
  An orc warlord (Vaults:3)
  8 fire giants
  Louise (Depths:4)
  A juggernaut zombie (Depths:4)
  7 draconian stormcallers
  4 draconian shifters
  18 vault wardens
  4 ghost moths
  8 emperor scorpions
  6 ghouls
  17 ironbound preservers
  3 angels
  2 deep elf elementalists (Elf:3)
  26 very ugly things
  5 draconian annihilators
  3 reapers
  29 stone giants
  2 juggernaut skeletons
  An ophan (Zig:5)
  8 war gargoyles
  13 vampire knights
  4 spriggan defenders
  The ghost of ThiefFrogPaladin the Severer, a journeyman MiBe of Trog (Elf:1)
  15 green draconians
  An apis (Zig:5)
  19 black draconians
  6 red draconians
  3 bunyips
  7 deep elf demonologists
  3 entropy weavers
  14 starcursed masses (Abyss:1)
  Azrael (Spider:3)
  7 dire elephants
  5 deep elf annihilators
  13 yellow draconians
  6 spark wasps
  10 white draconians
  16 purple draconians
  9 deep elf death magi
  3 eidola
  A green death (D:15)
  A crystal guardian (Vaults:4)
  7 fire dragons
  18 ettins
  A quicksilver dragon zombie (Abyss:1)
  19 jiangshi
  2 eleionomae
  2 merfolk impalers
  10 deep elf high priests
  11 yaktaur captains
  Fannar (Lair:2)
  7 ironbound thunderhulks
  An ogre mage (D:15)
  A spectral shadow dragon (Crypt:3)
  A great orb of eyes (shapeshifter) (Elf:1)
  2 peacekeepers
  A naga warrior (Zig:8)
  4 great orbs of eyes
  A salamander tyrant (Zig:8)
  9 boulder beetles
  2 ghost crabs
  A hell beast (Depths:3)
  8 spriggan air magi
  17 centaur warriors
  18 hydras
  3 rakshasas
  A merfolk aquamancer (Zig:4)
  30 vault guards
  6 ice dragons
  8 ironbound frosthearts
  9 two-headed ogres
  A catoblepas (D:14)
  An anaconda (shapeshifter) (Vaults:1)
  6 death knights
  12 dancing weapons
  5 deep troll shamans
  5 alligators
  11 vampire magi
  5 tengu warriors
  3 orc high priests (Orc:2)
  6 ironbound beastmasters
  A naga sharpshooter (Zig:8)
  6 deep troll earth magi
  A hell hog (Depths:5)
  2 shock serpents (Zig:8)
  8 spriggan berserkers
  26 death yaks
  Urug (Lair:4)
  9 thrashing horrors
  16 hell knights
  2 iron trolls
  10 deep elf knights
  3 soul eaters
  A sun demon (Depths:5)
  A wretched star (Abyss:1)
  A titan skeleton (Crypt:1)
  40 skeletal warriors
  A spriggan druid (Swamp:1)
  3 sixfirhies
  3 glowing orange brains
  A fire crab (Lair:5)
  5 goliath frogs
  2 torturous demonspawn
  2 spatial maelstroms (Abyss:1)
  5 orange crystal statues
  A death drake (Abyss:1)
  3 spectral hydras
  6 shadow wraiths
  2 spark wasp zombies
  60 deep trolls
  2 naga ritualists (Zig:8)
  6 wizards
  17 necromancers
  3 tengu zombies
  5 bog bodies
  5 swamp dragons
  5 flayed ghosts
  7 orc knights
  An obsidian statue (Zig:3)
  A harpy (shapeshifter) (Lair:6)
  Pikel (D:6)
  21 ironbound convokers
  24 deep elf zephyrmancers
  3 lindwurms (Vaults:1)
  13 deep elf archers
  7 harpies
  32 deep elf pyromancers
  19 phantasmal warriors
  14 orb spiders
  A shadow dragon zombie (Depths:4)
  18 wolf spiders
  A mana viper (Zig:8)
  47 ugly things
  30 moths of wrath
  A tengu skeleton (Depths:4)
  2 iron dragon skeletons (Crypt:1)
  A manticore (shapeshifter) (Lair:6)
  6 orc sorcerers
  7 cyclopes
  A salamander (Zig:8)
  A faun (shapeshifter) (Elf:1)
  3 will-o-the-wisps
  3 fire giant zombies
  A manticore (Zig:1)
  A frost giant skeleton (Vaults:4)
  A dire elephant zombie (Abyss:1)
  3 worldbinders (Abyss:1)
  Maurice (D:12)
  Joseph (D:9)
  9 black mambas
  An elf zombie (Vaults:5)
  An alligator snapping turtle zombie (Crypt:2)
  2 fire giant skeletons
  An eye of devastation (Abyss:1)
  17 elephants
  A guardian serpent (Zig:8)
  A rust devil (Depths:4)
  15 vault sentinels
  A naga mage (D:15)
  An apocalypse crab (Abyss:1)
  8 smoke demons
  2 ice statues (D:14)
  A gargoyle (D:11)
  3 torpor snails
  A catoblepas zombie (Crypt:2)
  A yaktaur zombie (Vaults:4)
  An orange demon (Abyss:1)
  A hellion (Abyss:1)
  A black draconian zombie (Crypt:1)
  11 cane toads
  A dire elephant skeleton (Crypt:2)
  16 komodo dragons
  28 large abominations
  7 kobold demonologists
  6 rime drakes
  A rime drake (shapeshifter) (Depths:3)
  4 unseen horrors
  A yaktaur (shapeshifter) (Zig:6)
  27 demonic crawlers
  35 yaktaurs
  2 ice devils
  A ghost moth simulacrum (Crypt:1)
  A redback zombie (D:15)
  A human skeleton (Vaults:5)
  2 tengu conjurers
  An efreet (D:15)
  A queen bee (Lair:4)
  An anaconda simulacrum (Crypt:3)
  4 ancient zymes
  A white draconian skeleton (Crypt:2)
  A green draconian skeleton (Crypt:1)
  A troll (shapeshifter) (Elf:2)
  2 guardian mummies (Zig:2)
  11 freezing wraiths
  25 jumping spiders
  3 merfolk (Zig:1)
  3 hellwings
  4 death drake zombies (Swamp:4)
  4 hydra zombies
  A queen bee (shapeshifter) (D:13)
  A bloated husk (Swamp:3)
  A polar bear (Lair:3)
  Prince Ribbit (Lair:3)
  A harpy skeleton (Crypt:2)
  7 trolls
  2 meliai (Lair:4)
  Grinder (D:5)
  A death drake skeleton (Swamp:4)
  28 slime creatures
  21 hornets
  4 dream sheep (Lair:6)
  An ettin zombie (Crypt:2)
  11 tyrant leeches
  36 blink frogs
  A fire giant simulacrum (Crypt:3)
  3 hydra skeletons
  A jumping spider zombie (Crypt:1)
  A spriggan zombie (Depths:2)
  A frost giant simulacrum (Crypt:2)
  A satyr zombie (Crypt:1)
  14 raiju
  A human simulacrum (Vaults:5)
  14 spriggans
  52 flying skulls
  A centaur simulacrum (D:15)
  A tarantella (shapeshifter) (Vaults:5)
  53 redbacks
  A spriggan (shapeshifter) (Depths:5)
  8 ynoxinuls
  5 shadows
  30 tarantellas
  53 yaks
  12 water elementals
  3 nameless horrors
  6 wyverns
  An elf simulacrum (Depths:4)
  2 air elementals
  An ushabti (Zig:2)
  A dire elephant simulacrum (Crypt:2)
  11 fire elementals
  15 wraiths
  A wyvern (shapeshifter) (Vaults:5)
  A human (shapeshifter) (Elf:3)
  8 basilisks
  2 vampires
  5 chaos spawn
  2 neqoxecs (Abyss:1)
  A steam dragon (D:6)
  A golden eye (shapeshifter) (Elf:3)
  A spatial vortex (Abyss:1)
  Grum (D:9)
  3 wargs
  Menkaure (D:5)
  4 vampire mosquitoes
  3 acid dragons
  2 hell hounds (Spider:3)
  2 harpy simulacra (IceCv)
  15 swamp worms
  An acid dragon (shapeshifter) (D:14)
  14 water moccasins
  A floating eye (Depths:4)
  32 small abominations
  A black bear (D:4)
  3 hydra simulacra (Swamp:4)
  2 monstrous demonspawn skeletons (Crypt:1)
  A meliai simulacrum (D:15)
  7 swamp drakes
  24 orc warriors
  An ice beast (D:8)
  10 ogres
  A tengu (shapeshifter) (Elf:1)
  10 centaurs
  5 necrophages
  2 swamp dragon zombies (Swamp:4)
  An ogre (shapeshifter) (D:14)
  29 wolves
  4 boggarts (Vaults:1)
  A phantom (D:5)
  A snapping turtle skeleton (Crypt:1)
  2 lemures (D:6)
  8 kobold brigands
  2 gnoll sergeants
  12 bullfrogs
  7 scorpions
  An earth elemental (Elf:2)
  A tengu simulacrum (Depths:2)
  A water moccasin skeleton (D:7)
  24 killer bees
  16 wights
  A yak skeleton (Crypt:2)
  5 howler monkeys
  2 electric eels (D:9)
  4 crimson imps (Depths:2)
  2 quasits (Abyss:1)
  2 bullfrog zombies
  5 centaur zombies
  5 lava snakes
  4 iron imps (Abyss:1)
  19 orc priests
  6 hounds
  2 human zombies
  8 jellies
  2 gnoll shamans
  Terence (D:3)
  Jessica (D:2)
  Natasha (twice) (D:2)
  2 bullfrog skeletons
  5 iguanas
  18 orc wizards
  A sky beast zombie (Crypt:2)
  A hound skeleton (D:4)
  4 mummies (Ossuary)
  A howler monkey zombie (D:9)
  18 gnolls
  10 adders
  A steam dragon skeleton (Crypt:2)
  3 white imps (Abyss:1)
  2 ufetubi
  4 adder zombies (Ossuary)
  A worm (Lair:4)
  4 dart slugs
  46 orcs
  7 bats
  5 endoplasms
  2 giant cockroaches
  8 hobgoblins
  4 quokkas
  5 ball pythons
  4 frilled lizards
  A frilled lizard zombie (Crypt:1)
  10 goblins
  3 goblin zombies
  A hobgoblin zombie (Crypt:1)
  2 jackal zombies (Ossuary)
  18 kobolds
  3 orc zombies (Ossuary)
  A rat (D:2)
  A rat zombie (D:6)
  A lurking horror (Abyss:1)
  4 starspawn tentacles (Abyss:1)
2534 creatures vanquished.

Vanquished Creatures (collateral kills)
  Mennas (Crypt:3)
  An orb of fire (Zot:4)
  A Killer Klown (Zot:5)
  Saint Roka (Crypt:1)
  An electric golem (Zot:5)
  Arachne (Spider:2)
  An Orb Guardian (Zot:5)
  A quicksilver dragon (Zot:1)
  2 liches
  2 titans
  A revenant (Crypt:1)
  A ghost moth (Spider:4)
  A vault warden (Vaults:2)
  A balrug (Depths:2)
  A draconian scorcher (Zot:3)
  An emperor scorpion (Spider:3)
  A draconian shifter (Zot:5)
  A deep elf elementalist (Elf:3)
  A stone giant (Depths:2)
  A green draconian (Zot:5)
  A red draconian (Zot:4)
  3 deep elf annihilators
  An ettin (Depths:2)
  A mummy priest (Zig:2)
  A vault guard (Vaults:2)
  A hydra (Swamp:3)
  A death yak (Lair:6)
  A spriggan (Depths:5)
  6 deep trolls
  A deep elf archer (Elf:2)
  A phantasmal warrior (Crypt:3)
  3 deep elf pyromancers
  5 ugly things (Depths:1)
  3 moths of wrath
  An unseen horror (D:12)
  3 tengu conjurers
  A meliai (Lair:4)
  A hornet (Depths:5)
  2 redbacks
  A fire elemental (Elf:2)
  A wyvern (Lair:4)
  2 vampire mosquitoes (D:15)
  2 wolves (Lair:6)
  3 killer bees (Lair:4)
  An orc (Crypt:1)
  72 ballistomycete spores
141 creatures vanquished.

Vanquished Creatures (others)
  2 thorn hunters
  A draconian knight (Zot:5)
  A bunyip (Swamp:3)
  4 shambling mangroves (Swamp:4)
  3 hydras (Swamp:4)
  An ironbound frostheart (Vaults:5)
  2 spriggan druids (Swamp:4)
  A swamp dragon (Swamp:4)
  A necromancer (Crypt:1)
  A deep elf pyromancer (Elf:1)
  A deep elf zephyrmancer (Elf:1)
  3 oklob plants (Swamp:4)
  A bloated husk (Swamp:1)
  A hydra zombie (Swamp:4)
  7 hornets (Swamp:4)
  A spriggan (Depths:5)
  A water elemental (D:15)
  2 small abominations (Abyss:1)
  A chaos spawn (Zig:6)
  A fire elemental (Elf:1)
  A swamp drake (Swamp:4)
  2 orcs (Crypt:1)
  8 ballistomycete spores
  4 bushes
  4 foxfires
  78 fungi
  A lurking horror (Abyss:1)
  196 plants
  10 starspawn tentacles (Abyss:1)
  5 toadstools (Depths:3)
345 creatures vanquished.

Grand Total: 3020 creatures vanquished

Notes
Turn   | Place    | Note
-------+----------+-------------------------------------------
     0 | D:1      | 4FPSwarrior the Octopode Earth Elementalist began the quest
                  | for the Orb.
     0 | D:1      | Reached XP level 1. HP: 11/11 MP: 3/3
    37 | D:1      | Found a faded altar of an unknown god.
   315 | D:1      | Reached XP level 2. HP: 14/17 MP: 5/5
   791 | D:1      | You fall into a shaft and drop 1 floor!
   798 | D:2      | Noticed Natasha
   813 | D:2      | Killed Natasha
   814 | D:2      | Reached XP level 3. HP: 12/21 MP: 0/6
  1045 | D:2      | Learned a level 2 spell: Passwall
  1049 | D:2      | Learned a level 3 spell: Stone Arrow
  1207 | D:2      | Noticed Natasha
  1465 | D:2      | Reached XP level 4. HP: 19/27 MP: 7/7
  2311 | D:2      | Noticed Jessica
  2312 | D:2      | Killed Jessica
  2434 | D:2      | Reached XP level 5. HP: 32/32 MP: 6/9
  2544 | D:2      | Killed Natasha
  2545 | D:2      | Reached skill level 1 in Fighting
  2545 | D:2      | Reached skill level 1 in Conjurations
  3277 | D:3      | Reached XP level 6. HP: 19/38 MP: 4/10
  3592 | D:3      | Noticed Terence
  3602 | D:3      | Killed Terence
  4111 | D:4      | Reached skill level 5 in Earth Magic
  4374 | D:4      | Noticed a black bear
  4447 | D:4      | Killed a black bear
  4448 | D:4      | Reached skill level 2 in Fighting
  4448 | D:4      | Reached XP level 7. HP: 42/45 MP: 1/12
  5307 | D:5      | Entered Level 5 of the Dungeon
  5442 | D:5      | Gained mutation: Your body sometimes deteriorates upon
                  | taking damage. [potion of mutation]
  5442 | D:5      | Gained mutation: You are strong-willed. (Will+) [potion of
                  | mutation]
  5900 | D:5      | Reached skill level 3 in Fighting
  5900 | D:5      | Reached skill level 1 in Shields
  5961 | D:5      | Noticed Grinder
  6305 | D:4      | Reached XP level 8. HP: 52/52 MP: 6/13
  6662 | D:5      | Noticed Menkaure
  6768 | D:6      | Noticed Pikel
  6921 | D:6      | Found a sand-covered staircase.
  6928 | Ossuary  | Entered an ossuary
  7468 | D:6      | Killed Pikel
  7469 | D:6      | Reached skill level 4 in Fighting
  7591 | D:6      | Reached XP level 9. HP: 54/58 MP: 5/15
  7835 | D:6      | Found a burning altar of Makhleb.
  8312 | D:6      | Learned a level 2 spell: Wereblood
  8749 | D:7      | Found a staircase to the Ecumenical Temple.
  8785 | Temple   | Entered the Ecumenical Temple
  9176 | Temple   | Became a worshipper of Fedhas Madash
  9257 | D:7      | Found Cyatiw's Armour Shop.
  9373 | D:7      | Found Esarhac's Weapon Boutique.
  9386 | D:7      | Reached skill level 5 in Spellcasting
  9701 | D:7      | Found a basalt altar of Yredelemnul.
  9734 | D:7      | Found a radiant altar of Vehumet.
  9849 | D:7      | Found Wearir's Magic Scroll Emporium.
  9852 | D:7      | Bought a scroll of teleportation for 39 gold pieces
  9852 | D:7      | Bought a scroll of identify for 26 gold pieces
  9900 | D:7      | Found Edousul's Distillery.
  9955 | D:7      | Found a stormy altar of Qazlal.
  9972 | D:7      | Found a bloodstained altar of Trog.
 10048 | D:7      | Reached skill level 1 in Invocations
 10714 | D:7      | Found a staircase to the Ecumenical Temple.
 10725 | D:7      | Reached skill level 5 in Fighting
 10945 | D:7      | Found a radiant altar of Vehumet.
 10958 | D:7      | Found a basalt altar of Yredelemnul.
 10966 | D:7      | Found a stormy altar of Qazlal.
 10975 | D:7      | Found Esarhac's Weapon Boutique.
 11180 | D:7      | Found Edousul's Distillery.
 11192 | D:7      | Found Wearir's Magic Scroll Emporium.
 11403 | D:7      | Found Cyatiw's Armour Shop.
 11743 | D:7      | Found a bloodstained altar of Trog.
 12059 | D:7      | Found Esarhac's Weapon Boutique.
 12089 | D:7      | Found Edousul's Distillery.
 12101 | D:7      | Found Wearir's Magic Scroll Emporium.
 12288 | D:7      | Found Cyatiw's Armour Shop.
 12443 | D:7      | Found a staircase to the Ecumenical Temple.
 12459 | D:7      | Found a basalt altar of Yredelemnul.
 12468 | D:7      | Found a stormy altar of Qazlal.
 12486 | D:7      | Found a radiant altar of Vehumet.
 12831 | D:7      | Found a bloodstained altar of Trog.
 13105 | D:8      | Reached * piety under Fedhas
 13528 | D:8      | Learned a level 2 spell: Poisonous Vapours
 13533 | D:8      | Learned a level 4 spell: Petrify
 14238 | D:8      | Found an opulent altar of Gozag.
 14244 | D:8      | Reached XP level 10. HP: 68/68 MP: 13/18
 14338 | D:8      | Found a glowing golden altar of the Shining One.
 14374 | D:8      | Reached skill level 5 in Conjurations
 14470 | D:8      | Reached skill level 1 in Poison Magic
 14908 | D:8      | Found a glowing golden altar of the Shining One.
 14933 | D:8      | Found an opulent altar of Gozag.
 15022 | D:8      | Reached skill level 1 in Air Magic
 15955 | D:9      | Noticed Joseph
 15961 | D:8      | Reached skill level 6 in Fighting
 16084 | D:9      | Reached ** piety under Fedhas
 16196 | D:9      | Found a staircase to the Lair.
 16212 | D:9      | Identified the amulet of Dokofu {Spirit *Slow rElec Int+4
                  | Slay+4}
 16626 | D:9      | Killed Joseph
 16767 | D:9      | Found a shadowy altar of Dithmenos.
 17106 | D:9      | Found Qoghusia's Weapon Shop.
 17133 | D:9      | Noticed Grum
 17249 | D:9      | Killed Grum
 17315 | D:9      | Noticed a two-headed ogre
 17322 | D:9      | Killed a two-headed ogre
 17541 | D:10     | Entered Level 10 of the Dungeon
 17547 | D:9      | Reached skill level 7 in Fighting
 17770 | D:10     | Learned a level 5 spell: Lee's Rapid Deconstruction
 18011 | D:10     | Reached XP level 11. HP: 75/75 MP: 10/20
 18487 | D:10     | Reached *** piety under Fedhas
 18565 | D:10     | Noticed a two-headed ogre
 18571 | D:10     | Killed a two-headed ogre
 19513 | D:9      | Reached skill level 10 in Earth Magic
 19939 | D:10     | Found a staircase to the Orcish Mines.
 20241 | Lair:1   | Entered Level 1 of the Lair of Beasts
 20427 | Lair:1   | Noticed a five-headed hydra
 20690 | D:9      | Found a shadowy altar of Dithmenos.
 20718 | D:9      | Found Qoghusia's Weapon Shop.
 20782 | D:9      | Found a staircase to the Lair.
 20811 | D:9      | Killed a five-headed hydra
 20812 | D:9      | Reached skill level 8 in Fighting
 21677 | Lair:1   | Reached skill level 5 in Invocations
 21824 | Lair:1   | Noticed an oklob plant
 22652 | Lair:1   | Noticed a six-headed hydra
 22660 | Lair:1   | Killed a six-headed hydra
 22661 | Lair:1   | Reached XP level 12. HP: 58/84 MP: 7/22
 23074 | Lair:2   | Found a staircase to the Swamp.
 23283 | Lair:1   | Reached skill level 9 in Fighting
 23829 | Lair:1   | Reached **** piety under Fedhas
 24425 | Lair:2   | Noticed an eight-headed hydra
 24465 | Lair:2   | Killed an eight-headed hydra
 24593 | Lair:2   | Reached skill level 5 in Air Magic
 24788 | Lair:2   | Noticed Fannar
 24914 | Lair:2   | Noticed a death yak
 24915 | Lair:2   | Noticed a death yak
 24915 | Lair:2   | Noticed a death yak
 24917 | Lair:2   | Noticed a death yak
 24917 | Lair:2   | Noticed a death yak
 24920 | Lair:2   | Noticed a death yak
 24946 | Lair:1   | Killed a death yak
 25365 | Lair:2   | Killed Fannar
 25544 | Lair:2   | Killed a death yak
 25605 | Lair:1   | Killed a death yak
 26397 | Lair:2   | Killed a death yak
 26398 | Lair:2   | Reached skill level 10 in Fighting
 26533 | Lair:1   | Killed a death yak
 27279 | Lair:2   | Reached XP level 13. HP: 78/92 MP: 10/24
 29163 | Lair:3   | Noticed Prince Ribbit
 29195 | Lair:3   | Killed Prince Ribbit
 31251 | Lair:3   | Reached skill level 11 in Fighting
 31562 | Lair:4   | Noticed Urug
 32674 | Lair:4   | Found a hole to the Spider Nest.
 32955 | Lair:3   | Reached XP level 14. HP: 84/101 MP: 0/26
 34761 | Lair:4   | Found a hole to the Spider Nest.
 35158 | Lair:4   | Killed Urug
 35845 | Lair:5   | Found a staircase to the Slime Pits.
 36343 | Lair:5   | Noticed Josephine
 36793 | Lair:5   | Reached skill level 12 in Fighting
 36932 | Lair:5   | Reached ***** piety under Fedhas
 37805 | Lair:5   | Identified the +6 quarterstaff "Gynauki" {flame, rF+ Str-3
                  | Int+4}
 38255 | Lair:6   | Entered Level 6 of the Lair of Beasts
 38474 | Lair:5   | Found a staircase to the Slime Pits.
 40486 | D:11     | Found a portal to a secret trove of treasure.
 40748 | D:11     | Reached skill level 1 in Unarmed Combat
 41263 | D:7      | Bought the +2 buckler of Misanthropy {Int+3} for 417 gold
                  | pieces
 41705 | D:5      | Killed Menkaure
 42088 | D:5      | Killed Grinder
 42592 | D:12     | Noticed Maurice
 42600 | D:12     | Killed Maurice
 44563 | Lair:5   | Reached XP level 15. HP: 89/109 MP: 15/28
 44848 | Lair:5   | Found a staircase to the Slime Pits.
 47421 | Lair:5   | Found a staircase to the Slime Pits.
 47676 | Lair:6   | Reached skill level 10 in Conjurations
 47787 | Lair:5   | Reached skill level 13 in Fighting
 48447 | Orc:1    | Entered Level 1 of the Orcish Mines
 48839 | Orc:2    | Entered Level 2 of the Orcish Mines
 48839 | Orc:2    | Found a staircase to the Elven Halls.
 48878 | Orc:2    | Reached ****** piety under Fedhas
 49674 | Orc:2    | Found Ehaset's Weapon Shoppe.
 50076 | Orc:2    | Found a staircase to the Elven Halls.
 50938 | Orc:2    | Found Kuzueng's Jewellery Shoppe.
 50945 | Orc:2    | Found Timin's Jewellery Shop.
 50946 | Orc:2    | Found Ehaset's Weapon Shoppe.
 50947 | Orc:2    | Found Tukoh's Antique Weapon Shop.
 50985 | Orc:2    | Bought the amulet "Esigesy" {Reflect Int+5 Dex+4 SH+5} for
                  | 726 gold pieces
 51510 | D:12     | Learned a level 3 spell: Mephitic Cloud
 52931 | D:13     | Learned a level 5 spell: Summon Mana Viper
 53163 | D:13     | Noticed Jorgrun
 53169 | D:13     | Killed Jorgrun
 53171 | D:13     | Reached skill level 10 in Invocations
 53442 | D:13     | Found Yruplubb's Book Shoppe.
 53588 | D:13     | Reached skill level 1 in Hexes
 53594 | D:13     | Reached skill level 1 in Summonings
 53594 | D:13     | Reached XP level 16. HP: 117/117 MP: 7/29
 53795 | D:13     | Identified the amulet of Eraing {rC+ Will+ Regen+}
 54099 | D:13     | Found a gate to the Vaults.
 54448 | D:13     | Found a burning altar of Makhleb.
 54716 | D:11     | You paid a toll of 3 potions of resistance to enter a
                  | treasure trove
 54717 | Trove    | Entered a treasure trove
 54722 | Trove    | Found the +9 sword of Zonguldrok {reap}
 54724 | Trove    | Identified the +0 buckler "Wiliprun" {Will+}
 55446 | D:14     | Found a frozen archway.
 55534 | IceCv    | Entered an ice cave
 55817 | D:14     | Reached skill level 5 in Dodging
 56425 | D:14     | Reached skill level 5 in Transmutations
 56892 | D:15     | Entered Level 15 of the Dungeon
 57189 | D:14     | Reached skill level 1 in Long Blades
 57454 | D:14     | Reached skill level 10 in Spellcasting
 59010 | D:15     | Found a staircase to the Depths.
 61252 | Lair:6   | Reached skill level 5 in Unarmed Combat
 61882 | Lair:6   | Reached XP level 17. HP: 124/124 MP: 4/31
 62431 | Lair:6   | Found a corrupted altar of Lugonu.
 62431 | Lair:6   | Found a one-way gate to the infinite horrors of the Abyss.
 62449 | Lair:6   | Learned a level 5 spell: Lightning Bolt
 62489 | Lair:6   | Reached skill level 14 in Fighting
 62618 | Lair:2   | Found a staircase to the Swamp.
 62867 | Swamp:1  | Entered Level 1 of the Swamp
 63278 | Spider:1 | Entered Level 1 of the Spider Nest
 65335 | Lair:2   | Found a staircase to the Swamp.
 65458 | Swamp:1  | Reached skill level 5 in Hexes
 65803 | Swamp:1  | Reached skill level 5 in Summonings
 69030 | Swamp:3  | Noticed Mara
 69125 | Swamp:4  | Entered Level 4 of the Swamp
 70161 | Swamp:3  | Reached skill level 15 in Earth Magic
 72075 | Swamp:4  | Reached XP level 18. HP: 116/132 MP: 19/32
 72850 | Swamp:4  | Learned a level 2 spell: Blink
 72992 | Swamp:4  | Found a blossoming altar of Fedhas.
 73004 | Swamp:4  | Got a decaying rune of Zot
 73022 | Swamp:4  | Found a basalt altar of Yredelemnul.
 73226 | Elf:1    | Entered Level 1 of the Elven Halls
 73584 | Elf:1    | Found Meiph's Weapon Emporium.
 73605 | Elf:1    | Found a glowing golden altar of the Shining One.
 73605 | Elf:1    | Found a glowing silver altar of Zin.
 73606 | Elf:1    | Found a crumbling gateway.
 73811 | Elf:1    | Reached skill level 1 in Translocations
 74028 | Elf:1    | HP: 1/132 [deep elf annihilator/bolt of lightning (53)]
 74370 | D:7      | Bought a potion of curing for 42 gold pieces
 74370 | D:7      | Bought a potion of curing for 42 gold pieces
 74370 | D:7      | Bought a potion of heal wounds for 70 gold pieces
 74370 | D:7      | Bought a potion of ambrosia for 112 gold pieces
 74776 | Elf:1    | Got Vehumet's Grimoire of Conjuration
 74880 | Elf:1    | Reached skill level 5 in Stealth
 75108 | Elf:1    | Found Myjoten's Book Boutique.
 75116 | Elf:1    | Bought a manual of Necromancy for 1040 gold pieces
 75323 | Elf:1    | Found a white marble altar of Elyvilon.
 75680 | Elf:1    | Found a runed translucent gate.
 75680 | Elf:1    | Found a runed translucent gate.
 75680 | Elf:1    | Found a runed translucent gate.
 75687 | Elf:1    | Noticed ThiefFrogPaladin's ghost (journeyman MiBe)
 75706 | Elf:1    | Reached skill level 1 in Necromancy
 75894 | Elf:1    | Noticed a caustic shrike
 75896 | Elf:1    | a caustic shrike changed into a fire giant
 75912 | Elf:1    | Noticed a quicksilver dragon
 75912 | Elf:1    | a stone giant changed into a quicksilver dragon
 75918 | Elf:1    | a quicksilver dragon changed into a dire elephant
 76635 | Elf:2    | Found Osycetoa's Weapon Shoppe.
 76639 | Elf:2    | Found Foitopp's General Store.
 76639 | Elf:2    | Found Lanke's Antique Armour Emporium.
 76642 | Elf:2    | Found Genaoxt's Book Emporium.
 76846 | Elf:2    | Bought a scroll of magic mapping for 59 gold pieces
 76866 | Elf:2    | Found a runed translucent gate.
 76884 | Elf:2    | Found a runed translucent gate.
 76885 | Elf:2    | Found a runed translucent gate.
 77131 | Elf:2    | Found Behestye's Armour Shoppe.
 77345 | Elf:3    | Entered Level 3 of the Elven Halls
 77499 | Elf:3    | Reached skill level 15 in Fighting
 78080 | Elf:3    | Reached skill level 1 in Evocations
 78192 | Elf:3    | Reached skill level 5 in Long Blades
 78604 | Elf:3    | Found Ygudd's Armour Emporium.
 79054 | Elf:3    | Found Ygudd's Armour Emporium.
 80263 | Orc:1    | You fall into a shaft and drop 1 floor!
 80560 | D:10     | Found a glowing silver altar of Zin.
 80565 | D:10     | Found a glowing silver altar of Zin.
 80693 | D:10     | Found a staircase to the Orcish Mines.
 81434 | D:13     | Bought Great Wizards, Vol. II for 456 gold pieces
 82902 | Spider:1 | Reached XP level 19. HP: 139/139 MP: 20/33
 84784 | Spider:2 | Noticed Arachne
 84814 | Spider:2 | Killed Arachne
 86547 | Spider:3 | Identified the +0 buckler of the Hanged Man {Str+7 Int+2}
 87082 | Spider:3 | Noticed Azrael
 87810 | Spider:3 | Killed Azrael
 87971 | Spider:4 | Entered Level 4 of the Spider Nest
 88361 | Spider:4 | Reached skill level 5 in Necromancy
 88758 | Spider:4 | Noticed Nikola
 89169 | Elf:2    | Bought the +5 great sword "Duetisef" {flame, rElec rC+
                  | Str-5} for 519 gold pieces
 90814 | Spider:4 | Killed Nikola
 94530 | Spider:4 | Got a gossamer rune of Zot
 94838 | D:13     | Learned a level 5 spell: Borgnjor's Vile Clutch
 94852 | Vaults:1 | Entered Level 1 of the Vaults
 94863 | Vaults:1 | Reached XP level 20. HP: 147/147 MP: 14/34
 98004 | Vaults:1 | Reached skill level 16 in Fighting
 98773 | Vaults:1 | Noticed Asterion
 98778 | Vaults:1 | Killed Asterion
 99230 | Vaults:1 | Found the +8 glaive of the Guard {elec, spectral, AC+5}
 99395 | Vaults:2 | Reached skill level 5 in Evocations
101606 | Vaults:2 | Reached XP level 21. HP: 96/153 MP: 6/36
102886 | Vaults:2 | Identified the +2 robe of the Pleiades {+Blink rPois}
103448 | Vaults:3 | Found a staircase to the Crypt.
103671 | Vaults:3 | Found a runed translucent gate.
103672 | Vaults:3 | Found a runed translucent gate.
103673 | Vaults:3 | Found a runed translucent gate.
103674 | Vaults:3 | Noticed AgonHex's ghost (veteran HOFi)
103890 | Vaults:3 | Identified the +1 chain mail of Fortification {Str+3}
105617 | Vaults:3 | Identified the +9 plate armour of the Slightly Bent {rPois
                  | Will+ Str+4 Slay-5}
105617 | Vaults:3 | Identified the ring "Ychuroel" {Wiz rElec Stlth+}
106433 | Vaults:3 | Found a runed translucent gate.
106433 | Vaults:3 | Found a runed translucent gate.
106433 | Vaults:3 | Found a runed translucent gate.
106801 | Vaults:3 | Found a staircase to the Crypt.
107508 | Vaults:3 | Found a staircase to the Crypt.
108981 | Vaults:4 | Reached XP level 22. HP: 158/162 MP: 26/37
109212 | Vaults:4 | Reached skill level 17 in Fighting
109422 | Vaults:4 | Reached skill level 10 in Necromancy
110400 | Vaults:4 | Found Echa's Antique Weapon Shoppe.
111238 | Elf:3    | Found Ygudd's Armour Emporium.
111663 | Elf:3    | Reached skill level 10 in Dodging
112047 | Elf:3    | Found Ygudd's Armour Emporium.
112266 | Elf:3    | Identified the +8 trident of Ambiguity {venom, +Rage rPois
                  | Dex-2 Stlth-}
113035 | Elf:3    | Identified the +6 halberd of the World {protect, rPois
                  | rCorr Int+7 Dex-2}
113998 | Elf:3    | Identified the +3 leather armour "Enar" {rElec rN+ Int+2}
114463 | Elf:3    | Reached skill level 10 in Transmutations
114609 | Elf:3    | Got the Disquisition on Icy Moulding
114645 | Elf:3    | Got the Collected Works on Feathers and Dark Secrets
114711 | Elf:3    | Found Ygudd's Armour Emporium.
115128 | Depths:1 | Entered Level 1 of the Depths
115131 | Depths:1 | Found a blossoming altar of Fedhas.
115404 | Depths:1 | Found a gateway to Hell.
115772 | Depths:1 | Found Utzyekes's Antique Weapon Shoppe.
115880 | Depths:1 | Found a gateway to a ziggurat.
116008 | Depths:1 | Found Deogymor's Jewellery Emporium.
116016 | Depths:1 | Bought the ring "Qesaz" {Will+ rCorr Str-3 Int+5 Stlth+}
                  | for 579 gold pieces
117037 | Depths:2 | Identified the +4 short sword of Tuinn {pain, Fly rC++
                  | Dex-5 SInv}
117266 | Depths:1 | Reached XP level 23. HP: 88/169 MP: 11/39
118261 | Depths:2 | Reached skill level 10 in Air Magic
118451 | Depths:1 | Reached skill level 10 in Long Blades
120509 | Depths:2 | Found Degoq's Book Emporium.
120867 | Depths:2 | Found a shimmering altar of Xom.
123188 | Depths:3 | Found a one-way gate leading to the halls of Pandemonium.
123258 | Depths:3 | You fall into a shaft and drop 2 floors!
123258 | Depths:5 | Entered Level 5 of the Depths
123258 | Depths:5 | Noticed the Enchantress
123264 | Depths:5 | Found a gate to the Realm of Zot.
123264 | Depths:5 | Noticed a golden dragon
123265 | Depths:5 | HP: 7/171 [green draconian stormcaller/divine providence
                  | (12)]
124048 | Depths:5 | Killed the Enchantress
124051 | Depths:5 | Reached skill level 18 in Fighting
124696 | Depths:3 | Identified the +1 scale mail "Buocvik" {rCorr}
124882 | Depths:3 | Found an ornate altar of the Wu Jian Council.
126094 | Depths:3 | Noticed a juggernaut
126095 | Depths:3 | Noticed a caustic shrike
126474 | Depths:3 | Found an ornate altar of the Wu Jian Council.
126510 | Depths:3 | Killed a juggernaut
126511 | Depths:3 | Reached XP level 24. HP: 151/178 MP: 3/39
126725 | Depths:3 | Killed a caustic shrike
127187 | Depths:3 | Found a one-way gate leading to the halls of Pandemonium.
127519 | Depths:3 | Found a one-way gate leading to the halls of Pandemonium.
127697 | Depths:3 | Found an ornate altar of the Wu Jian Council.
128711 | Depths:3 | Reached skill level 10 in Stealth
132389 | Depths:4 | Found a white marble altar of Elyvilon.
134151 | Depths:4 | Found Siemn's General Store.
134153 | Depths:4 | Found a broken altar of Ashenzari.
134159 | Depths:4 | Bought a potion of might for 76 gold pieces
134160 | Depths:4 | Noticed Louise
134174 | Depths:4 | Killed Louise
135297 | Depths:5 | Noticed a caustic shrike
135299 | Depths:5 | Noticed a caustic shrike
135299 | Depths:5 | Noticed a caustic shrike
135299 | Depths:5 | Noticed a caustic shrike
135307 | Depths:5 | Noticed a caustic shrike
136027 | D:7      | Bought the +6 long sword "Ymolacim" {drain, *Slow +Rage
                  | rN+++} for 933 gold pieces
136033 | D:7      | Learned a level 4 spell: Dispel Undead
136337 | Crypt:1  | Entered Level 1 of the Crypt
136828 | Crypt:1  | Identified the +5 long sword "Agryip" {drain, Contam Str+5}
138387 | Crypt:1  | Noticed Saint Roka
139060 | Crypt:1  | Reached XP level 25. HP: 185/185 MP: 12/40
139814 | Crypt:1  | Killed Saint Roka
142930 | Crypt:2  | Reached skill level 19 in Fighting
143812 | Crypt:2  | Learned a level 7 spell: Storm Form
143822 | Crypt:2  | Learned a level 6 spell: Statue Form
143937 | Crypt:3  | Entered Level 3 of the Crypt
144693 | Crypt:3  | Found an ancient bone altar of Kikubaaqudgha.
145328 | Crypt:3  | Reached skill level 15 in Long Blades
145347 | Crypt:3  | Noticed Mennas
145861 | Crypt:3  | Killed Mennas
146390 | Crypt:3  | Found the +7 great mace "Undeadhunter" {disrupt, rN+}
146402 | Crypt:3  | Identified the +1 leather armour of the Gate {Harm *Corrode
                  | +Blink Regen+}
146631 | Crypt:3  | Identified the +6 scythe of Malairaf {pain, Fly rElec rC-
                  | Int+5}
146768 | Crypt:3  | Noticed a dread lich
146780 | Crypt:3  | Killed a dread lich
146906 | Crypt:3  | Found a staircase to the Tomb.
147552 | Elf:1    | Found Meiph's Weapon Emporium.
147761 | Elf:1    | Found a runed translucent gate.
147761 | Elf:1    | Found a runed translucent gate.
147761 | Elf:1    | Found a runed translucent gate.
147958 | Elf:1    | Found Myjoten's Book Boutique.
148233 | Elf:1    | Killed ThiefFrogPaladin's ghost
148302 | Elf:1    | Identified the ring of the Princess {rElec rF+ rC+ rCorr
                  | MP-9}
148523 | Zig:1    | Entered Level 1 of a ziggurat
148556 | Zig:1    | Identified the +7 double sword of the Wraith {drain, rElec
                  | rN+++ Str+5 Int-2}
148617 | Zig:2    | Entered Level 2 of a ziggurat
148627 | Zig:2    | Reached XP level 26. HP: 194/194 MP: 12/40
148702 | Zig:3    | Entered Level 3 of a ziggurat
148945 | Zig:4    | Entered Level 4 of a ziggurat
149017 | Zig:5    | Entered Level 5 of a ziggurat
149216 | Zig:5    | Identified the +8 long sword of Viafreich {venom, rF+
                  | Stlth+}
149235 | Zig:6    | Entered Level 6 of a ziggurat
149241 | Zig:6    | Found the +5 scythe "Finisher" {speed, eviscerate}
149242 | Zig:6    | Noticed a Killer Klown
149245 | Zig:6    | Noticed Zuguq the pandemonium lord
149262 | Zig:6    | Killed Zuguq the pandemonium lord
149262 | Zig:6    | Killed a Killer Klown
149547 | Zig:7    | Entered Level 7 of a ziggurat
149560 | Zig:7    | Paralysed by an air elemental for 1 turns
149786 | Zig:8    | Entered Level 8 of a ziggurat
150984 | Vaults:4 | Found Echa's Antique Weapon Shoppe.
151296 | Vaults:5 | Entered Level 5 of the Vaults
151306 | Vaults:5 | Noticed a dread lich
151321 | Vaults:5 | Killed a dread lich
151463 | Vaults:5 | Noticed Sojobo
151471 | Vaults:5 | Paralysed by an air elemental for 1 turns
151477 | Vaults:5 | Killed Sojobo
151489 | Vaults:5 | Reached skill level 20 in Fighting
151885 | Vaults:5 | Identified the +9 trident of Ununy {flame, rPois rCorr
                  | Int-5 Dex+8}
152045 | Vaults:5 | Noticed a dread lich
152159 | Vaults:5 | Killed a dread lich
152160 | Vaults:5 | Reached XP level 27. HP: 201/201 MP: 3/41
152478 | Vaults:5 | Got a silver rune of Zot
153066 | Vaults:5 | Found Odoihuyli's General Store.
153436 | Vaults:5 | Got the Tome of Feathers and Ice
153442 | Vaults:5 | Got Ovaiph's Papyrus of Burning Confrontation
153872 | Vaults:5 | Identified the +6 spear "Ogococza" {vorpal, rC+ rN+ Int-5}
153943 | Vaults:5 | Bought a potion of brilliance for 80 gold pieces
154130 | Vaults:5 | Identified the +4 scimitar of the Known World {venom, rPois
                  | Int+4 Stlth+}
154604 | Vaults:5 | Found Odoihuyli's General Store.
155855 | Depths:5 | Reached skill level 15 in Stealth
156247 | Zot:1    | Entered Level 1 of the Realm of Zot
156327 | Zot:1    | Reached skill level 21 in Fighting
157446 | Depths:4 | Voluntarily entered the Abyss.
157638 | Abyss:1  | Reached skill level 10 in Unarmed Combat
157922 | Depths:4 | Escaped the Abyss
158633 | Depths:2 | Voluntarily entered the Abyss.
158785 | Abyss:1  | Noticed a dread lich
158797 | Abyss:1  | Killed a dread lich
159133 | Abyss:1  | Paralysed by accursed screaming for 1 turns
159178 | Depths:2 | Escaped the Abyss
159400 | Depths:2 | Voluntarily entered the Abyss.
159575 | Depths:2 | Escaped the Abyss
159768 | Zot:1    | Reached skill level 15 in Spellcasting
161951 | Zot:3    | Identified the ring of the Devouring Pariah {Ice rN+ Int+4}
162701 | Zot:3    | You fall into a shaft and drop 1 floor!
163266 | Zot:3    | Reached skill level 22 in Fighting
163523 | Zot:3    | Identified a scroll of acquirement
163532 | Zot:3    | Acquired the +10 demon blade of Etwualaha {freeze, rC+
                  | Str-5 Int+2}
165938 | Zot:4    | Identified the +12 long sword "Saeweheb" {antimagic, Drain
                  | Str+4 SInv}
166604 | Zot:4    | Reached skill level 15 in Dodging
166902 | Zot:5    | Entered Level 5 of the Realm of Zot
169830 | Zot:5    | Learned a level 7 spell: Orb of Destruction
170546 | Zot:5    | Reached skill level 15 in Air Magic
170941 | Zot:5    | Noticed an ancient lich
170953 | Zot:5    | Killed an ancient lich
170995 | Zot:5    | Noticed an orb of fire
171117 | Zot:5    | Gained mutation: You are weak. (Str -2) [an orb of fire]
171236 | Zot:4    | Gained mutation: You tend to lose your temper in combat.
                  | [an orb of fire]
171239 | Zot:4    | Gained mutation: Your body often deteriorates upon taking
                  | damage. [an orb of fire]
171243 | Zot:4    | Gained mutation: You sometimes lose the ability to read
                  | scrolls when taking damage. [an orb of fire]
171247 | Zot:4    | Killed an orb of fire
171253 | Zot:4    | Lost mutation: Your body often deteriorates upon taking
                  | damage. [potion of mutation]
171253 | Zot:4    | Lost mutation: You are weak. (Str -2) [potion of mutation]
171253 | Zot:4    | Lost mutation: You tend to lose your temper in combat.
                  | [potion of mutation]
171253 | Zot:4    | Gained mutation: Your skin blends seamlessly with your
                  | surroundings (Stealth++). [potion of mutation]
171253 | Zot:4    | Gained mutation: You are partially covered in large bone
                  | plates. (SH +4) [potion of mutation]
171254 | Zot:4    | Lost mutation: Your skin blends seamlessly with your
                  | surroundings (Stealth++). [potion of mutation]
171254 | Zot:4    | Lost mutation: Your body sometimes deteriorates upon taking
                  | damage. [potion of mutation]
171254 | Zot:4    | Lost mutation: You are strong-willed. (Will+) [potion of
                  | mutation]
172364 | Zot:5    | Reached skill level 23 in Fighting
172438 | Zot:5    | Noticed an orb of fire
172873 | Zot:5    | Noticed an ancient lich
172891 | Zot:5    | Gained mutation: Your body sometimes deteriorates upon
                  | taking damage. [an orb of fire]
173005 | Zot:5    | Gained mutation: You are frail. (-10% HP) [an orb of fire]
173318 | Zot:5    | Gained mutation: You are very frail. (-20% HP) [an orb of
                  | fire]
173319 | Zot:5    | Killed an orb of fire
173333 | Zot:5    | Killed an ancient lich
173442 | Zot:4    | Lost mutation: Your body sometimes deteriorates upon taking
                  | damage. [potion of mutation]
173442 | Zot:4    | Lost mutation: You are partially covered in large bone
                  | plates. (SH +4) [potion of mutation]
173442 | Zot:4    | Lost mutation: You are very frail. (-20% HP) [potion of
                  | mutation]
173442 | Zot:4    | Gained mutation: Your spells are a little easier to cast,
                  | but a little less powerful. [potion of mutation]
173442 | Zot:4    | Gained mutation: You occasionally shout uncontrollably at
                  | your foes. [potion of mutation]
173442 | Zot:4    | Gained mutation: You are partially covered in iridescent
                  | scales. (AC +2) [potion of mutation]
173443 | Zot:4    | Lost mutation: You are frail. (-10% HP) [potion of
                  | mutation]
173443 | Zot:4    | Lost mutation: You are partially covered in iridescent
                  | scales. (AC +2) [potion of mutation]
173443 | Zot:4    | Lost mutation: You sometimes lose the ability to read
                  | scrolls when taking damage. [potion of mutation]
173443 | Zot:4    | Gained mutation: Your mind is acute. (Int +2) [potion of
                  | mutation]
173443 | Zot:4    | Gained mutation: Your natural rate of healing is unusually
                  | fast. [potion of mutation]
173443 | Zot:4    | Lost mutation: Your mind is acute. (Int +2) [potion of
                  | mutation]
173443 | Zot:4    | Gained mutation: You heal very quickly. [potion of
                  | mutation]
174121 | Zot:5    | Got the Orb of Zot
174701 | D:1      | Noticed an ancient lich
174703 | D:1      | Noticed Ciec the pandemonium lord
174724 | D:$      | Escaped with the Orb!

Illustrated notes

Levels and vault maps discovered:
D:1:      dpeg_arrival_rooms_b, layout_loops_cross,
          shapermc_ecumenical_altar_ellora, minmay_ruptured
D:2:      layout_basic, uniq_natasha, uniq_jessica
D:3:      layout_basic, grunt_ministairs_15, uniq_terence
D:4:      layout_loops_ring
D:5:      layout_basic, uniq_grinder, uniq_menkaure
D:6:      layout_cave_pods, mainiacjoe_overflow_chevrons, enter_ossuary_4,
          minmay_holes, kennysheep_generic_room_2, uniq_pikel
D:7:      layout_layer_cave, nicolae_overflow_quartered_altars,
          minmay_temple_entry_statues_fountains, serial_shops,
          nicolae_shop_crystal, shop, nicolae_stop_n_shop_1,
          nicolae_diamond_shop, dk_noncrumbling_3
D:8:      layout_gridville, nicolae_gozag_cash_rules_everything_around_me,
          overflow_temple_1_default, minmay_misc_feat_cross, minmay_puff
D:9:      layout_gridville, nicolae_dithmenos_the_darkroom, erik_lair_island,
          serial_shops, nicolae_shop_window_shopping, uniq_grum, uniq_joseph
D:10:     layout_grid_maze, zin_angel, erik_orc_4,
          hangedman_abyss_or_decor_lesser_grid, st_stairs_11,
          nicolae_lava_and_water, amcnicky_mini_pool_small
D:11:     minmay_spotlight, layout_loops_ring, enter_trove_5
D:12:     layout_grid_maze, disabler_island, uniq_maurice
D:13:     layout_loops_ring, hangedman_vaults_entry_quadrant_bands,
          serial_shops, shop, kennysheep_flooded_box, uniq_jorgrun
D:14:     layout_roguey, portal_ice_cave_entry_ice_statue_two, chequers_jeans
D:15:     grunt_enter_depths_magical_seal, layout_basic, nrook_uturn,
          grunt_ministairs_4, st_stairs_2
Temple:   oiseaux_autumnal_temple
Lair:1:   layout_roguey, grunt_megastairs_4, minmay_lair_oklob_chamber
Lair:2:   layout_hall_layers, minmay_swamp_entry_worms, grunt_megastairs_2,
          uniq_fannar
Lair:3:   layout_gridlike, serial_bayou_crossing, uniq_prince_ribbit2
Lair:4:   layout_roguey [special_room_bee], nicolae_spider_entry_non_spiders,
          uniq_urug
Lair:5:   nzn_winding_woodlands_large [nzn_winding_woodlands_5x5_open_star,
          nzn_winding_woodlands_5x15_eye, nzn_winding_woodlands_5x5_perimeter,
          nzn_winding_woodlands_center_lodge,
          nzn_winding_woodlands_15x15_boxy_spiral,
          nzn_winding_woodlands_center_diamonds,
          nzn_winding_woodlands_5x5_closed_star,
          nzn_winding_woodlands_5x15_jagged, nzn_winding_woodlands_5x5_cross],
          layout_misc_corridors, minmay_slime_entry_pillars, wad_woods_river_03,
          uniq_josephine
Lair:6:   hellmonk_lair_end_abyssal_woods, layout_hall_layers, serial_bayou,
          serial_bayou_lagoon_a, serial_bayou_pond_b, serial_bayou_pond_c,
          serial_bayou_pond_a, serial_bayou_shore_b
Swamp:1:  layout_falls_marsh, evilmike_swamp_ruin_rubble_2
Swamp:2:  layout_falls_marsh, hangedman_swamp_blocks
Swamp:3:  layout_basic_swamp, gammafunk_ghost_hydra_chop, lemuel_altar_in_water,
          swamp_pool5, infiniplex_staircase_pool, uniq_mara
Swamp:4:  byrel_swamp_growth_death_and_undeath, layout_basic_swamp
Spider:1: layout_spider_delve
Spider:2: layout_spider_delve, worms_lemuel, uniq_arachne
Spider:3: layout_spider_delve, uniq_azrael
Spider:4: guppyfry_spider_rune, drop_trap, uniq_nikola
Orc:1:    layout_caves
Orc:2:    st_orc_elflike, layout_caves, basic_altar
Elf:1:    minmay_elf_arrival_plus, layout_loops_corners,
          portal_desolation_entry_holy_temple, serial_shops,
          nicolae_lakefront_shop, nicolae_diamond_shop, gammafunk_ghost_split,
          minmay_elf_annihilation
Elf:2:    elven_hall_of_blades_hangedman_original
          [nicolae_blade_entry_sentries_behind_glass], layout_loops_ring,
          serial_shops, shop_statue, minmay_shoptagon
Elf:3:    minmay_elf_hall_not_hex, layout_geoelf_diagonals, serial_shops,
          nicolae_square_shop
Vaults:1: minmay_guarded_unrand_guard_vaults, nicolae_vaults_little_squares_4,
          v_misc_13, ontoclasm_vaults_spin, v_misc_11, hangedman_vaults_cutoff,
          v_rooms_3, v_rooms_2, ontoclasm_vaults_shuriken,
          hangedman_vaults_cutoff, layout_vaults_omnibox, uniq_asterion
Vaults:2: nicolae_vaults_ring_of_whatevers, v_alt_pattern_6,
          nicolae_vaults_alarming, nicolae_vaults_ring_of_whatevers, st_lattice,
          v_alt_pattern_3, nicolae_vaults_bisected_slash,
          nicolae_vaults_network_quinsquares
          [nicolae_vaults_network_quincunx_subvault,
          nicolae_vaults_network_quincunx_subvault,
          nicolae_vaults_network_quincunx_subvault,
          nicolae_vaults_network_quincunx_subvault], vaults_room_corners,
          hangedman_vaults_slice, nicolae_vaults_little_squares_3,
          hangedman_vaults_hat, ontoclasm_vaults_misaligned,
          ontoclasm_vaults_gateway, layout_vaults_omnicross
Vaults:3: biasface_vaults_ghost_orc_armoury, vaults_room_octagon,
          hangedman_vaults_slice, minmay_crypt_entry_simple_box,
          nicolae_vaults_asterisk, v_misc_24, v_misc_3,
          ontoclasm_vaults_misaligned, v_misc_9, v_misc_1, vaults_dpeg_cross,
          vaults_room_pool, v_pattern_4, vaults_room_pools, layout_vaults_maze
Vaults:4: v_misc_24, hangedman_vaults_locks, v_misc_31, v_misc_9,
          ontoclasm_vaults_eye, layout_vaults_chaotic_city, serial_shops, shop
Vaults:5: uniq_sojobo
Crypt:1:  layout_chaotic_city, serial_sigils_hangedman_snap, uniq_saint_roka
Crypt:2:  layout_misc_corridors, evilmike_ambush [evilmike_ambush_outer_corners,
          evilmike_ambush_inner_basic]
Crypt:3:  grunt_crypt_end_deaths_head, uniq_mennas
Depths:1: layout_cave_shapes, enter_ziggurat_e, hell_entry,
          hangedman_decor_opposing, serial_column_ruins,
          column_ruins_portal_astroid, column_ruins_square_medium,
          column_ruins_hut_ruined, column_ruins_corridor_plus,
          column_ruins_grid_2, column_ruins_corridor_straight, serial_shops,
          shop, nicolae_square_shop, fedhas_altar_1, serial_bayou_shore_a
Depths:2: cheibrodos_birdhouse, layout_cave_shapes, serial_shops, shop,
          pf_dread_powers_of_hell, minmay_room_of_horrors, serial_bayou_pond_e,
          nicolae_sextant, led_xom_imps
Depths:3: minmay_polygon_palace, layout_small_grid, lemuel_crystal_altar,
          hell_entry, rand_demon_pan_entry_8, chequers_serial_rivers_large_b,
          minivault_16, minmay_misc_feat_x, minmay_gold_behind_fungi,
          dispersion_dpeg, grunt_megastairs_3
Depths:4: minmay_bubble_buster, layout_gridville,
          nicolae_abyss_entry_one_way_or_another, grunt_pan_entry_spiral,
          serial_shops, shop, ashenzari_altar_1, hell_entry, hex_large,
          chequers_serial_rivers_small_b, elyvilon_altar_3
Depths:5: grunt_zot_entry_bicorn, layout_cave_pools, hellmouth_1,
          abandoned_shop, serial_bayou_ford_a, uniq_enchantress
Zot:1:    layout_onion
Zot:2:    layout_basic
Zot:3:    layout_basic
Zot:4:    layout_misc_corridors, grunt_ministairs_14
Zot:5:    layout_misc_corridors

Skill      XL: |  1  2  3  4  5  6  7  8  9 10 11 12 13 14 15 16 17 18 19 20 21 22 23 24 25 26 27 |
---------------+----------------------------------------------------------------------------------+-----
Transmutations | 2 3 4 5 6 7 8 9 10 | 10.0
Earth Magic    | 4 5 6 7 8 9 10 11 12 13 14 15 16 17 18 19 | 19.9
Fighting       | 1 2 3 4 5 7 8 10 11 12 13 14 15 16 17 18 19 20 23 | 23.2
Conjurations   | 1 2 3 4 5 6 7 8 9 10 11 12 13 14 | 14.3
Spellcasting   | 3 4 5 6 7 8 9 10 11 12 13 14 16 | 16.2
Shields        | 1 2 4 |  4.0
Invocations    | 2 3 5 6 8 9 10 11 12 13 | 13.8
Poison Magic   | 3 4 |  4.0
Air Magic      | 2 4 5 6 7 8 9 10 11 12 15 | 15.6
Unarmed Combat | 1 3 5 6 8 12 | 12.7
Dodging        | 4 5 6 7 8 9 10 11 12 13 15 | 15.8
Hexes          | 1 4 5 6 |  6.0
Summonings     | 1 4 5 6 |  6.0
Long Blades    | 2 3 5 6 7 8 9 12 14 15 16 | 16.0
Stealth        | 4 6 7 9 11 12 13 18 | 18.5
Translocations | 3 |  3.0
Necromancy     | 3 6 8 9 11 12 13 | 13.0
Evocations     | 1 3 5 |  5.0

Action                   |  1- 3 |  4- 6 |  7- 9 | 10-12 | 13-15 | 16-18 | 19-21 | 22-24 | 25-27 || total
-------------------------+-------+-------+-------+-------+-------+-------+-------+-------+-------++-------
Melee: Dagger            |    29 |    49 |    91 |    16 |   187 |       |       |       |       ||   372
       Constrict         |     9 |    13 |    24 |     2 |    20 |    41 |    88 |    48 |   261 ||   506
       Tentacles         |     6 |     6 |    18 |     7 |    51 |   119 |   204 |   128 |   622 ||  1161
       Punch             |       |       |       |       |     1 |    27 |    53 |    25 |   224 ||   330
       Double sword      |       |       |       |       |       |   140 |   452 |   237 |   706 ||  1535
       Scimitar          |       |       |       |       |       |    69 |       |       |   637 ||   706
       Great sword       |       |       |       |       |       |       |    27 |       |       ||    27
       Long sword        |       |       |       |       |       |       |       |    77 |   363 ||   440
       Demon blade       |       |       |       |       |       |       |       |       |    16 ||    16
Throw: Javelin           |       |       |     2 |       |       |       |       |       |       ||     2
       Throwing net      |       |       |       |       |       |       |       |       |     1 ||     1
 Cast: Sandblast         |    21 |    54 |    18 |    15 |    12 |     3 |       |       |       ||   123
       Stone Arrow       |       |     4 |   149 |   304 |   601 |   731 |   450 |   246 |    30 ||  2515
       Wereblood         |       |       |       |     2 |     1 |     3 |       |       |     5 ||    11
       Lee's Rapid Decon |       |       |       |     5 |    66 |   122 |   100 |   165 |    57 ||   515
       Petrify           |       |       |       |     1 |    30 |    21 |     8 |     4 |     3 ||    67
       Poisonous Vapours |       |       |       |       |   115 |    70 |   150 |       |       ||   335
       Mephitic Cloud    |       |       |       |       |     6 |    16 |     9 |     2 |       ||    33
       Lightning Bolt    |       |       |       |       |       |    37 |    44 |   191 |    92 ||   364
       Summon Mana Viper |       |       |       |       |       |     4 |     7 |    23 |    51 ||    85
       Blink             |       |       |       |       |       |     1 |       |     2 |     9 ||    12
       Borgnjor's Vile C |       |       |       |       |       |       |   134 |   305 |   111 ||   550
       Dispel Undead     |       |       |       |       |       |       |       |    35 |   133 ||   168
       Statue Form       |       |       |       |       |       |       |       |       |   168 ||   168
       Storm Form        |       |       |       |       |       |       |       |       |     1 ||     1
       Orb of Destructio |       |       |       |       |       |       |       |       |    23 ||    23
       Passwall          |       |       |       |       |       |       |       |       |     5 ||     5
Invok: Grow Ballistomyce |       |       |       |     2 |     5 |     3 |     3 |     1 |     4 ||    18
       Wall of Briars    |       |       |       |       |     6 |     7 |     3 |     1 |     3 ||    20
       Overgrow          |       |       |       |       |     1 |     1 |     2 |     2 |     4 ||    10
       Grow Oklob        |       |       |       |       |       |       |       |       |     1 ||     1
 Abil: End Transformatio |       |       |       |       |       |       |       |       |     3 ||     3
Evoke: Wand              |       |       |       |     4 |    14 |     7 |     9 |     6 |    13 ||    53
       Condenser vane    |       |       |       |     1 |     2 |     1 |     5 |     2 |     4 ||    15
       Box of beasts     |       |       |       |       |       |     1 |       |       |       ||     1
       Phantom mirror    |       |       |       |       |       |       |       |       |     2 ||     2
  Use: Scroll            |       |     3 |     8 |     5 |    13 |    13 |     7 |     8 |    27 ||    84
       Potion            |       |       |     5 |     2 |     6 |     6 |     9 |    10 |    19 ||    57
 Stab: Sleeping          |     3 |    12 |     2 |       |     7 |     1 |     8 |       |    14 ||    47
       Confused          |       |       |       |       |     2 |     5 |     8 |       |     3 ||    18
       Petrified         |       |       |       |       |       |    29 |     2 |       |       ||    31
       Petrifying        |       |       |       |       |       |     2 |       |       |       ||     2
       Distracted        |       |       |       |       |       |     1 |     3 |       |    18 ||    22
       Held in net/web   |       |       |       |       |       |       |     1 |       |       ||     1
       Invisible         |       |       |       |       |       |       |       |       |     1 ||     1
Armor: Skin              |     6 |     1 |    33 |    11 |    58 |   107 |   173 |    96 |  1036 ||  1521
Dodge: Dodged            |    14 |    34 |   105 |   155 |   310 |   463 |   893 |   432 |  1809 ||  4215
Block: Buckler           |       |       |    10 |    43 |   126 |   305 |   450 |   335 |  1524 ||  2793
       Reflection        |       |       |       |       |    10 |    35 |    29 |    14 |    55 ||   143
       Other             |       |       |       |       |       |       |    21 |       |       ||    21
       Rpst.: Double sword |       |       |       |       |       |    57 |   138 |    62 |   117 ||   374
       Scimitar          |       |       |       |       |       |    21 |       |       |    80 ||   101
       Great sword       |       |       |       |       |       |       |     9 |       |       ||     9
       Long sword        |       |       |       |       |       |       |       |    14 |   105 ||   119
       Demon blade       |       |       |       |       |       |       |       |       |     6 ||     6
